 Dungeon Crawl Stone Soup version 0.31-a0-210-gccc998df9b (webtiles) character file.

Game seed: 2047150853678365090

15126 Dittersdorf the Basher (level 12, -3/80 HPs)
             Began as a Gargoyle Fighter on June 29, 2023.
             Was the Champion of Okawaru.
             Slain by a boulder beetle (15 damage)
             ... on level 1 of the Lair of Beasts.
             The game lasted 00:18:10 (11909 turns).

Dittersdorf the Basher (Gargoyle Fighter)          Turns: 11909, Time: 00:18:10

Health: -3/80      AC: 27    Str: 23    XL:     12   Next: 23%
Magic:  0/12       EV: 11    Int: 11    God:    Okawaru [******]
Gold:   1346       SH: 18    Dex:  9    Spells: 11/11 levels left

rFire   . . .        B - +5 flail
rCold   + + .        b - +0 tower shield {rPois}
rNeg    + + .        H - +2 ring mail {rN+}
rPois   ∞            f - +1 hat
rElec   +            (no cloak)
rCorr   +            i - +2 pair of gloves
SInv    .            d - +2 pair of boots {rampage}
Will    +....        p - amulet of guardian spirit
Stlth   ++           q - ring of willpower
HPRegen 0.33/turn    a - ring "Ufezel" {rC++ rCorr}
MPRegen 0.13/turn

%: guardian spirit, rampage
@: heroic, studying Maces & Flails, invisible
A: sickness immunity, AC +8, negative energy resistance 1, electricity
resistance, torment resistance 1, petrification resistance
a: Renounce Religion, Heroism, Finesse, Duel


You were on level 1 of the Lair of Beasts.
You worshipped Okawaru.
Okawaru was exalted by your worship.
You visited 3 branches of the dungeon, and saw 12 of its levels.
You also visited: Ossuary and Bailey.

You collected 1346 gold pieces.

Inventory:

Hand Weapons
 B - a +5 flail (weapon)
Missiles
 r - 20 poisoned darts (quivered)
Armour
 b - a +0 tower shield of poison resistance (worn)
 d - a +2 pair of boots of rampaging (worn)
 f - a +1 hat (worn)
 i - a +2 pair of gloves (worn)
 H - a +2 ring mail of positive energy (worn)
Jewellery
 a - the ring "Ufezel" (right hand) {rC++ rCorr}
   (You acquired it on level 9 of the Dungeon)

   [ring of resist corrosion]

   rC:        It greatly protects you from cold.
   rCorr:     It protects you from acid and corrosion.
 p - an amulet of guardian spirit (around neck)
 q - a ring of willpower (left hand)
 u - the ring of Duyd {rPois Will+ MP+9 Str-4}
   (You found it in an ossuary)

   [ring of magical power]

   Str:       It affects your strength (-4).
   rPois:     It protects you from poison.
   MP:        It affects your magic capacity (+9).
   Will:      It increases your willpower.
 I - a ring of see invisible
Wands
 m - a wand of mindburst (9)
 w - a wand of roots (11)
 A - a wand of flame (28)
Scrolls
 c - 2 scrolls of fear
 e - 9 scrolls of teleportation
 k - a scroll of poison
 t - a scroll of fog
 y - a scroll of blinking
 D - a scroll of brand weapon
 F - a scroll of enchant armour
Potions
 g - a potion of attraction {unknown}
 h - 4 potions of enlightenment {unknown}
 j - 2 potions of resistance {unknown}
 l - a potion of berserk rage
 n - 5 potions of degeneration {unknown}
 s - 4 potions of curing {unknown}
 v - 3 potions of heal wounds
 x - 5 potions of mutation {unknown}
 z - 3 potions of ambrosia {unknown}
 C - a potion of brilliance
 E - a potion of cancellation
 G - a potion of haste


   Skills:
 + Level 11.3(16.3) Fighting
 + Level 11.6(16.6) Maces & Flails
 + Level 11.3(16.3) Armour
 + Level 11.3(16.3) Shields


You had 11 spell levels left.
You didn't know any spells.
Your spell library contained the following spells:

 Spells                   Type           Power      Damage    Failure   Level
 Apportation              Tloc           0%         N/A       73%         1
 Kiss of Death            Conj/Necr      0%         2d5       73%         1
 Shock                    Conj/Air       0%         1d3       73%         1
 Ensorcelled Hibernation  Hex/Ice        0%         N/A       86%         2
 Searing Ray              Conj           0%         2d4       86%         2
 Confusing Touch          Hex            0%         N/A       97%         3
 Frozen Ramparts          Ice            0%         1d1       97%         3
 Hailstorm                Conj/Ice       0%         3d3       97%         3
 Spider Form              Tmut/Pois      0%         N/A       97%         3
 Swiftness                Air            0%         N/A       97%         3
 Volatile Blastmotes      Fire/Tloc      0%         2d10      97%         3
 Airstrike                Air            0%         2d(0-16)  100%        4
 Anguish                  Hex/Necr       0%         N/A       100%        4
 Cause Fear               Hex            0%         N/A       100%        4
 Dispel Undead            Necr           0%         3d6       100%        4
 Fulminant Prism          Conj/Hex       0%         3d5       100%        4
 Ice Form                 Ice/Tmut       0%         N/A       100%        4
 Iskenderun's Mystic Bla  Conj/Tloc      0%         2d3       100%        4
 Sticky Flame             Conj/Fire      0%         2d3       100%        4
 Alistair's Intoxication  Tmut/Pois      0%         N/A       100%        5
 Lee's Rapid Deconstruct  Erth           0%         3d4*      100%        5
 Dragon Form              Tmut           0%         N/A       100%        7
 Chain Lightning          Conj/Air       0%         N/A       100%        9
 Summon Ice Beast         Ice/Summ       Unusable   N/A       N/A         4
 Simulacrum               Ice/Necr       Unusable   N/A       N/A         6
 Dragon's Call            Summ           Unusable   N/A       N/A         9

Dungeon Overview and Level Annotations

Branches:
Dungeon (10/15)            Temple (1/1) D:4            Lair (1/5) D:10
Ossuary (visited)          Bailey (visited)
    Orc: D:9-12

Altars:
Ashenzari
Cheibriados
Elyvilon
Fedhas
Kikubaaqudgha
Okawaru
Ru
Yredelemnul
Zin

Shops:
D:3 (   D:8 *

Annotations:
D:3 1 runed translucent door, zazu2006's ghost, amateur GnWn
D:5 2 runed translucent doors


Innate Abilities, Weirdness & Mutations

You are immune to sickness and miasma.
Your stone body is resilient. (AC +8)
You are immune to poison.
You resist negative energy. (rN+)
You are resistant to electric shocks. (rElec)
You are resistant to unholy torment.
You are immune to petrification.


Message History

You sock the wolf!
The wolf is severely wounded.
You block the wolf's attack.
You closely miss the wolf.
The wolf is severely wounded.
You feel like a meek peon again. You block the wolf's attack.
The boulder beetle bites you.
* * * LOW HITPOINT WARNING * * *
The wolf bites you but does no damage.
You hit the wolf.
The wolf is almost dead.
The wolf bites you.
* * * LOW HITPOINT WARNING * * *
You block the boulder beetle's attack. You block the wolf's attack.
You bludgeon the wolf!!
You kill the wolf!
Okawaru accepts your kill. You block the boulder beetle's attack.
You fade into invisibility!
The boulder beetle bites you but does no damage.
You gain the combat prowess of a mighty hero.
You block the boulder beetle's attack.
You rampage towards the boulder beetle!
Throw: 22 darts (poison)
Press: ? - help, Q - select action, (/) - cycle Shift-Dir - straight line, f - boulder beetle
Aim: a boulder beetle (lightly wounded, wandering, unable to see you, hasn't noticed you, 91% to hit)
You throw a poisoned dart.
The poisoned dart hits the boulder beetle!
The boulder beetle is poisoned.
The boulder beetle is lightly wounded.
The boulder beetle closely misses you.
Throw: 21 darts (poison)
Press: ? - help, Q - select action, (/) - cycle Shift-Dir - straight line, f/p - boulder beetle
Aim: a boulder beetle (lightly wounded, unable to see you, very poisoned, 91% to hit)
You throw a poisoned dart.
The poisoned dart hits the boulder beetle!
The boulder beetle looks as sick as possible!
The boulder beetle is lightly wounded.
The boulder beetle bites you!
You die...

*##### ##....#*#****
#.:#..#.~~*,* #.#....~♣~*,**
#.#.~♣#.~~*~~*
*********#######†..~~..~.,,~*****
,,,,,,,,*#......@.≈~~.~..,*~,,,,,
,,,,,,,**##......B.~~≈~..~,~,****
,,,,,,**####..)...≈~.~~..,~~** *
,^,,,,* #≈##.........~~~~,~**
,,,,,,*##≈##.....#.##.♣#♣~~~*
,,,,,,##≈≈≈#.....##.#.~#,~~**
,,,***#≈≈≈≈#####..###,.#****
,,,,* #≈≈≈≈####....##.#****######
...** #≈≈~≈#..~.~.~.....,,,......


You could see a boulder beetle (unable to see you, extremely poisoned).

Vanquished Creatures
  A boulder beetle (Lair:1)
  A two-headed ogre (D:9)
  Amaemon (D:9)
  A manticore (D:10)
  A cane toad (Lair:1)
  An orange demon (D:9)
  A gargoyle (D:5)
  A rime drake (Lair:1)
  2 komodo dragons
  3 trolls
  Prince Ribbit (D:5)
  Sigmund (D:5)
  4 wyverns
  A slime creature (D:7)
  2 wraiths
  Eustachio (D:5)
  6 yaks (D:10)
  A basilisk (Lair:1)
  A steam dragon (D:7)
  A vampire mosquito (D:7)
  5 water moccasins
  16 orc warriors
  7 ice beasts
  A hornet zombie (D:7)
  A black bear (Lair:1)
  10 wolves
  3 ogres
  4 centaurs
  3 kobold brigands
  Blork the orc (D:6)
  4 bullfrogs
  A wyvern zombie (D:7)
  12 scorpions
  3 necrophages (D:7)
  9 wights
  7 killer bees
  An electric eel (D:8)
  A centaur zombie (Ossuary)
  3 human zombies (Ossuary)
  2 jellies
  6 hounds
  An iron imp (D:7)
  2 gnoll boudas (D:7)
  3 orc priests
  3 sleepcaps
  Natasha (D:3)
  5 iguanas
  4 scorpion zombies (Ossuary)
  11 orc wizards
  3 mummies (Ossuary)
  A howler monkey zombie (D:7)
  15 gnolls
  7 adders
  A shadow imp (D:6)
  3 ufetubi
  5 dart slugs
  44 orcs
  11 endoplasms
  A giant cockroach (D:2)
  13 hobgoblins
  18 kobolds
  A quokka (D:4)
  5 ball pythons
  4 bats
  5 frilled lizards
  2 gnoll zombies (Ossuary)
  12 goblins
  3 goblin zombies (Ossuary)
  3 hobgoblin zombies (Ossuary)
  5 kobold zombies (Ossuary)
  3 orc zombies (Ossuary)
  5 rats
332 creatures vanquished.

Vanquished Creatures (others)
  An ufetubus (D:7)
1 creature vanquished.

Grand Total: 333 creatures vanquished

Notes
Turn   | Place    | Note
-------+----------+-------------------------------------------
     0 | D:1      | Dittersdorf the Gargoyle Fighter began the quest for the
                  | Orb.
     0 | D:1      | Reached XP level 1. HP: 14/14 MP: 1/1
    94 | D:1      | Reached XP level 2. HP: 19/19 MP: 2/2
   272 | D:1      | Found a faded altar of an unknown god.
   408 | D:1      | Reached XP level 3. HP: 23/23 MP: 3/3
   799 | D:2      | Found the +5 robe of Misfortune {Harm *Corrode *Slow EV+5}
  1156 | D:2      | You fall into a shaft and drop 2 floors!
  1194 | D:4      | Found a staircase to the Ecumenical Temple.
  1210 | Temple   | Entered the Ecumenical Temple
  1234 | Temple   | Became a worshipper of Warmaster Okawaru
  1284 | D:4      | Found a broken altar of Ashenzari.
  1334 | D:4      | Reached XP level 4. HP: 4/29 MP: 4/4
  2212 | D:3      | Noticed Natasha
  2213 | D:3      | Found a runed translucent door.
  2213 | D:3      | Noticed zazu2006's ghost (amateur GnWn)
  2219 | D:3      | Killed Natasha
  2220 | D:3      | Reached XP level 5. HP: 33/33 MP: 5/5
  2248 | D:3      | Found Epegafe's Antique Weapon Boutique.
  2289 | D:3      | Identified a scroll of acquirement
  2289 | D:3      | Acquired a +0 tower shield of poison resistance
  2973 | D:5      | Entered Level 5 of the Dungeon
  3165 | D:4      | Reached XP level 6. HP: 39/39 MP: 6/6
  3283 | D:4      | Reached * piety under Okawaru
  3686 | D:5      | Found a large runed translucent door.
  3732 | D:5      | Reached skill level 5 in Shields
  3735 | D:5      | Reached skill level 5 in Fighting
  3735 | D:5      | Reached skill level 5 in Armour
  3735 | D:5      | Reached XP level 7. HP: 41/44 MP: 5/7
  3752 | D:5      | Noticed Eustachio
  3753 | D:5      | Noticed Sigmund
  3763 | D:5      | Killed Sigmund
  3777 | D:5      | Killed Eustachio
  3777 | D:5      | Reached ** piety under Okawaru
  3893 | D:5      | Noticed Prince Ribbit
  3931 | D:5      | Killed Prince Ribbit
  3932 | D:5      | Reached XP level 8. HP: 16/51 MP: 4/8
  4174 | D:5      | Reached skill level 5 in Maces & Flails
  4204 | D:5      | Found a large runed translucent door.
  4220 | D:5      | Noticed a gargoyle
  4257 | D:5      | Killed a gargoyle
  4257 | D:5      | Reached *** piety under Okawaru
  4409 | D:5      | Noticed a troll
  4415 | D:5      | Found a large runed translucent door.
  4415 | D:5      | Found a large runed translucent door.
  4536 | D:5      | Got the Encyclopedia of Momentum
  4688 | D:5      | Killed a troll
  4689 | D:5      | Reached XP level 9. HP: 52/57 MP: 7/9
  4755 | D:5      | Identified the +1 acid dragon scales of Xojil {rCorr Int+3
                  | SInv}
  4790 | D:6      | Noticed Blork the orc
  4802 | D:6      | Killed Blork the orc
  5001 | D:6      | Reached **** piety under Okawaru
  5962 | D:7      | Found a snail-covered altar of Cheibriados.
  5979 | D:7      | Found a sand-covered staircase.
  6019 | D:6      | Reached ***** piety under Okawaru
  6040 | D:6      | Reached XP level 10. HP: 43/64 MP: 3/10
  6088 | Ossuary  | Entered an ossuary
  6307 | Ossuary  | Identified the ring of Duyd {rPois Will+ MP+9 Str-4}
  6417 | Ossuary  | Received a gift from Okawaru
  6598 | D:7      | Acquired 633 gold pieces
  6638 | D:7      | Found a blossoming altar of Fedhas.
  6855 | D:7      | HP: 1/65 [slime creature (4)]
  7413 | D:8      | Found Zin's Purification Station.
  7413 | D:8      | Found a glowing silver altar of Zin.
  8092 | D:8      | Acquired a manual of Maces & Flails
  8209 | D:9      | Noticed a two-headed ogre
  8220 | D:9      | Killed a two-headed ogre
  8220 | D:9      | Received a gift from Okawaru
  8221 | D:9      | Reached XP level 11. HP: 27/72 MP: 5/11
  8437 | D:9      | Found a flagged portal.
  8452 | Bailey   | Entered a bailey
  9047 | Bailey   | Reached skill level 10 in Fighting
  9047 | Bailey   | Reached skill level 10 in Armour
  9047 | Bailey   | Reached skill level 10 in Shields
  9257 | D:9      | Acquired the ring "Ufezel" {rC++ rCorr}
  9408 | D:9      | Noticed Amaemon
  9433 | D:9      | Killed Amaemon
  9999 | D:10     | Entered Level 10 of the Dungeon
 10265 | D:10     | Reached skill level 10 in Maces & Flails
 10363 | D:10     | Reached ****** piety under Okawaru
 10448 | D:10     | Found a staircase to the Lair.
 10511 | D:10     | Noticed a manticore
 10528 | D:10     | Killed a manticore
 10834 | D:10     | Found a basalt altar of Yredelemnul.
 10834 | D:10     | Found a sacrificial altar of Ru.
 10905 | D:10     | Found an ancient bone altar of Kikubaaqudgha.
 11113 | Lair:1   | Entered Level 1 of the Lair of Beasts
 11386 | Lair:1   | Received a gift from Okawaru
 11408 | Lair:1   | Reached XP level 12. HP: 59/79 MP: 9/12
 11633 | Lair:1   | Noticed a boulder beetle
 11676 | Lair:1   | Killed a boulder beetle
 11676 | Lair:1   | Received a gift from Okawaru
 11864 | Lair:1   | Noticed a boulder beetle
 11909 | Lair:1   | Slain by a boulder beetle

Illustrated notes

Levels and vault maps discovered:
D:1:      amcnicky_arrival_underground_garden, layout_loops_ring,
          chequers_ecumenical_altar_simple_redux, nicolae_titane
D:2:      layout_basic, lemuel_flame_loot_1
D:3:      layout_basic, serial_shops, nicolae_shop_dealshenge,
          gammafunk_ghost_grave, minmay_misc_feat_columns, uniq_natasha
D:4:      layout_basic, mainiacjoe_overflow_surrounded_room,
          minmay_temple_entry_crystal_x
D:5:      layout_cave_pools, minmay_hollow_rounded_squares, uniq_sigmund,
          uniq_prince_ribbit1, uniq_eustachio
D:6:      layout_basic, serial_bayou_pond_a, hangedman_decor_peaks_small,
          uniq_blork_the_orc
D:7:      layout_cave_pools, slow_altar_1, fedhas_altar_decomposition,
          enter_ossuary_1, hangedman_minor_gate_pass
D:8:      layout_rooms, zin_purify, nicolae_lava_and_water
D:9:      layout_irregular_city, enter_bailey_4, uniq_amaemon
D:10:     layout_stronghold, kiku_gazebo_pond_becter,
          gammafunk_temple_overflow_elements, minmay_lair_entry_grove
Temple:   bh_familiar_temple
Lair:1:   layout_chaotic_city, serial_rivers, chequers_serial_rivers_micro_a,
          chequers_serial_rivers_marsh, chequers_serial_rivers_marsh,
          chequers_serial_rivers_large_a, chequers_serial_rivers_micro_b

Skill      XL: |  1  2  3  4  5  6  7  8  9 10 11 12 |
---------------+-------------------------------------+-----
Shields        | 4 5 6 7 8 9 10 11 | 11.3
Armour         | 4 5 7 8 9 10 11 | 11.3
Fighting       | 4 5 7 8 9 10 11 | 11.3
Maces & Flails | 3 4 6 7 8 11 | 11.6

Action                     |  1- 3 |  4- 6 |  7- 9 | 10-12 || total
---------------------------+-------+-------+-------+-------++-------
  Melee: Flail             |    99 |   157 |   260 |   982 ||  1498
  Throw: Dart              |       |       |    17 |     2 ||    19
 Invoke: Heroism           |       |       |     2 |     4 ||     6
    Use: Scroll            |       |    13 |     4 |     8 ||    25
         Potion            |       |       |     2 |     1 ||     3
 Armour: Scale mail        |    15 |       |       |       ||    15
         Chain mail        |    52 |   110 |   101 |       ||   263
         Acid dragon scale |       |       |   137 |   431 ||   568
         Ring mail         |       |       |       |   103 ||   103
  Dodge: Dodged            |    43 |    39 |   131 |   348 ||   561
  Block: Buckler           |    25 |     7 |       |       ||    32
         Tower shield      |       |    89 |   317 |  1020 ||  1426

Table legend: (Time is in decaauts)
 A = Elapsed time spent in this place.
 B = Non-inter-level travel time spent in this place.
 C = Inter-level travel time spent in this place.
 D = Time resting spent in this place.
 E = Time spent auto-exploring this place.
 F = Levels seen in this place.
 G = Mean time per level.
                   A        B        C        D        E       F      G
               +--------+--------+--------+--------+--------+-----+--------+
         Total |  12265 |  11933 |    332 |   1607 |   6887 |  14 |  876.1 |
       Dungeon |  10334 |  10016 |    318 |    973 |   6500 |  10 | 1033.4 |
        Temple |     29 |     16 |     13 |      0 |     14 |   1 |   29.0 |
          Lair |    572 |    572 |      0 |    112 |    235 |   1 |  572.0 |
       Ossuary |    550 |    550 |      0 |    113 |    116 |   1 |  550.0 |
        Bailey |    778 |    778 |      0 |    409 |     21 |   1 |  778.0 |
               +--------+--------+--------+--------+--------+-----+--------+

Top non-repeatable levels by time:
     D:5: 1356 daAuts
    D:10: 1351 daAuts
     D:9: 1121 daAuts
     D:6: 1102 daAuts
     D:7: 1091 daAuts
     D:2: 1059 daAuts
     D:4: 975 daAuts
     D:3: 804 daAuts
  Bailey: 778 daAuts
     D:8: 748 daAuts
     D:1: 722 daAuts
  Lair:1: 572 daAuts
 Ossuary: 550 daAuts
  Temple: 29 daAuts
